 Dungeon Crawl Stone Soup version 0.27.1-1-g398f81649c (webtiles) character file.

Game seed: 13281913283726698222

15 nxtlvl the Grave Robber (level 2, 0/25 HPs)
             Began as a Minotaur Necromancer on Sept 13, 2021.
             Slain by an endoplasm (2 damage)
             ... on level 1 of the Dungeon.
             The game lasted 00:01:29 (204 turns).

nxtlvl the Grave Robber (Minotaur Necromancer)       Turns: 204, Time: 00:01:29

Health: 0/25       AC:  2    Str: 12    XL:     2   Next: 34%
Magic:  3/3        EV: 12    Int: 12    God:
Gold:   16         SH:  0    Dex: 10    Spells: 2/3 levels left

rFire    . . .     SeeInvis .   (no weapon)
rCold    . . .     Faith    .   (no shield)
rNeg     . . .     Spirit   .   a - +0 robe
rPois    .         Reflect  .   (helmet restricted)
rElec    .         Harm     .   (no cloak)
rCorr    .         Rampage  .   (no gloves)
Will     .....                  (no boots)
Stlth    ++........             (no amulet)
HPRegen  0.08/turn              (no ring)
MPRegen  0.08/turn              (no ring)

@: no status effects
A: horns 2, retaliatory headbutt
a: no special abilities


You were on level 1 of the Dungeon.
You visited 1 branch of the dungeon, and saw 1 of its levels.

You collected 16 gold pieces.

Inventory:

Armour
 a - a +0 robe (worn)
Scrolls
 b - a scroll of holy word {unknown}
 c - a scroll of identify {unknown}


   Skills:
 * Level 2.5 Fighting
 - Level 2.1 Dodging
 - Level 1.5 Stealth
 - Level 1.3 Spellcasting
 - Level 2.9 Necromancy


You had 2 spell levels left.
You knew the following spells:

 Your Spells              Type           Power      Damage    Failure   Level
a - Pain                  Necr           28%        1d5       9%          1

Your spell library contained the following spells:

 Spells                   Type           Power      Damage    Failure   Level
 Animate Skeleton         Necr           14%        N/A       9%          1
 Vampiric Draining        Necr           3%         2d6       26%         3
 Animate Dead             Necr           3%         N/A       65%         4
 Agony                    Necr           7%         N/A       94%         5


Dungeon Overview and Level Annotations

Branches:
Dungeon (1/15)

Altars:


Innate Abilities, Weirdness & Mutations

You have a pair of horns on your head.
You reflexively headbutt those who attack you in melee.


Message History

You hit the dart slug but do no damage.
The dart slug is severely wounded.
You hit the dart slug but do no damage.
The dart slug is severely wounded.
The goblin shouts!
The dart slug bites you. The frilled lizard bites you.
* * * LOW HITPOINT WARNING * * *
You hit the dart slug. You headbutt the dart slug.
You kill the dart slug!
You hit the frilled lizard but do no damage.
You barely miss the frilled lizard. The frilled lizard misses you.
You closely miss the frilled lizard. The frilled lizard closely misses you.
You barely miss the frilled lizard. The frilled lizard bites you.
* * * LOW HITPOINT WARNING * * *
You miss the frilled lizard. The frilled lizard misses you.
You closely miss the frilled lizard.
Your headbutt misses the frilled lizard.
The frilled lizard completely misses you.
You hit the frilled lizard.
You kill the frilled lizard!
You hit the goblin.
The goblin is severely wounded.
The goblin closely misses you.
You barely miss the goblin.
The goblin is severely wounded.
The goblin hits you with a +0 club.
* * * LOW HITPOINT WARNING * * *
You hit the goblin.
You kill the goblin!
You hit the endoplasm but do no damage. The endoplasm freezes you.
You are frozen.
* * * LOW HITPOINT WARNING * * *
You hit the endoplasm.
The endoplasm is lightly wounded.
The endoplasm misses you.
You barely miss the endoplasm.
The endoplasm is lightly wounded.
The endoplasm hits you.
You die...

#...P.P...#.#.. ≈≈
#..P..P.P.#.#..###≈≈
#.P.P.....#.#.#...#
#.........#.#.#.⌠.
#.#.PP....#..#.#..
###.PP..P.##.#..###≈.
#.......##.#.......
#.##..P##.#..#.# ##
#.P.####..J@# ####.
##..### #...#
#...........
#...........#
#........g..#
#.....>.....#
##.........##
##...#...##


You could see an endoplasm.

Vanquished Creatures
  A dart slug (D:1)
  A goblin (D:1)
  3 jackals (D:1)
  2 ball pythons (D:1)
  3 bats (D:1)
  2 frilled lizards (D:1)
  A rat (D:1)
13 creatures vanquished.

Vanquished Creatures (others)
  A fungus (D:1)
1 creature vanquished.

Grand Total: 14 creatures vanquished

Notes
Turn   | Place    | Note
-------+----------+-------------------------------------------
     0 | D:1      | nxtlvl the Minotaur Necromancer began the quest for the
                  | Orb.
     0 | D:1      | Reached XP level 1. HP: 14/14 MP: 1/1
    58 | D:1      | Reached skill level 1 in Fighting
    98 | D:1      | Reached XP level 2. HP: 9/24 MP: 3/3
   147 | D:1      | Found a faded altar of an unknown god.
   204 | D:1      | Slain by an endoplasm

Illustrated notes

Levels and vault maps discovered:
D:1:      minmay_arrival_split_and_join, layout_rooms,
          shapermc_ecumenical_altar_gd, fountainhead

Skill      XL: |  1 |
---------------+----+-----
Fighting       | 2 |  2.5
Dodging        | |  2.1
Stealth        | |  1.5
Spellcasting   | |  1.3
Necromancy     | |  2.9

Action                   || total
-------------------------++-------
Melee: Unarmed           ||    58
       Headbutt          ||     9
 Stab: Sleeping          ||     1
Armor: Robe              ||     5
Dodge: Dodged            ||    44
